 Dungeon Sprint DCSS version 0.28.0-62-gf88900778d (webtiles) character file.

Game seed: 13222635872077785228

1507 cbfl8 the Fighter (level 8, -3/82 HPs)
             Began as a Minotaur Fighter on Jan 14, 2024.
             Was a Follower of Trog.
             Succumbed to an orange demon's poison
             ... in the Dungeon (Sprint I: "Red Sonja").
             The game lasted 00:02:24 (1564 turns).

cbfl8 the Fighter (Minotaur Fighter)                Turns: 1564, Time: 00:02:25

Health: -3/82      AC:  8    Str: 20    XL:     8   Next: 53%
Magic:  7/7        EV:  9    Int:  5    God:    Trog [*.....]
Gold:   714        SH:  6    Dex: 13    Spells: 7/7 levels left

rFire   . . .      SeeInvis .   a - +0 war axe
rCold   . . .      Faith    .   c - +0 buckler
rNeg    . . .      Spirit   .   b - +0 scale mail
rPois   .          Reflect  .   (helmet restricted)
rElec   .          Harm     .   (no cloak)
rCorr   .          Rampage  .   (no gloves)
Will    .....      NoTele   +   (no boots)
Stlth   ..........              (no amulet)
HPRegen 0.23/turn               (no ring)
MPRegen 0.10/turn               (no ring)

@: lethally poisoned (-3 -> -24), on berserk cooldown, slowed, very slow
A: horns 2, retaliatory headbutt
a: Renounce Religion, Berserk


You were in the Dungeon.
You worshipped Trog.
Trog was aware of your devotion.
You visited 1 branch You collected 714 gold pieces.

Inventory:

Hand Weapons
 a - a +0 war axe (weapon)
Armour
 b - a +0 scale mail (worn)
 c - a +0 buckler (worn)
Wands
 d - a wand of paralysis (3) (quivered)
Scrolls
 j - a scroll of blinking
 k - a scroll of identify {unknown}
 l - a scroll of magic mapping {unknown}
Potions
 e - 5 potions of curing
 f - a potion of heal wounds
 g - a potion of haste
 h - 2 potions of magic


   Skills:
 + Level 11.5 Fighting
 + Level 11.4 Axes
 + Level 10.7 Armour
 + Level 9.6 Shields
 * Level 7.9 Evocations


You had 7 spell levels left.
You didn't know any spells.
Your spell library was empty.

Dungeon Overview and Level Annotations

Branches:
Dungeon (1/1)

Altars:
Cheibriados
Dithmenos
Elyvilon
Fedhas
Gozag
Hepliaklqana
Kikubaaqudgha
Makhleb
Nemelex Xobeh
Okawaru
Qazlal
Ru
Sif Muna
Trog
Uskayaw
Vehumet
Wu Jian
Xom
Yredelemnul
Zin
The Shining One
Jiyva
Lugonu

Shops:
D (=


Innate Abilities, Weirdness & Mutations

You have a pair of horns on your head.
You reflexively headbutt those who attack you in melee.


Message History

The kobold demonologist begins to cast a cantrip, but forgets the words!
The crimson imp puffs mist at you. The crimson imp barely misses you.
You furiously retaliate!
You headbutt the crimson imp!
You kill the crimson imp!
The crimson imp disappears in a puff of smoke!
Things that are here:
a +0 dagger; a +2 robe of the Archmagi You feel a strong urge to attack something.
You block the orange demon's attack.
The orange demon hits you but does no damage.
There is an open door here.
Unknown command.
You slice the kobold demonologist!!
The kobold demonologist is severely wounded.
You slash the orange demon!
You are no longer berserk.
You are exhausted.
You feel yourself slow down.
You feel sick.
The kobold demonologist looks braver for a moment.
The orange demon stings you.
* * * LOW HITPOINT WARNING * * *
You are lethally poisoned!
The orange demon poisons you! The orange demon barely misses you.
You slash the kobold demonologist! You headbutt the kobold demonologist.
The kobold demonologist is almost dead.
You barely miss the orange demon.
* * * LOW HITPOINT WARNING * * *
You feel extremely sick.
The kobold demonologist barely misses you.
The orange demon stings you but does no damage.
The orange demon hits you but does no damage.
You hit the kobold demonologist.
You kill the kobold demonologist!
Trog accepts your kill.
Trog appreciates your killing of a magic user.
The orange demon disappears in a puff of smoke!
The ice devil disappears in a puff of smoke!
The quasit disappears in a puff of smoke!
You die...

#..#####'#####'#__####
..+
#..####..#...#[#### ##
#..#__####..##5#
#..#_____##'#_.+
#⌠⌠#_.∩...÷).5_#
####_..__##_K#'#
#_____###'#.#
############§###
#∩.......)@)§.+
###++++####§..#
###.### #.#'#.#
#.....# #.....#
#######


There were no monsters in sight!

Vanquished Creatures
  Sonja (D)
  2 kobold demonologists (D)
  A slime creature (D)
  Sigmund (D)
  A yak (D)
  A floating eye (D)
  An ogre (D)
  A jelly (D)
  Ijyb (D)
10 creatures vanquished.

Vanquished Creatures (others)
  2 ballistomycete spores (D)
2 creatures vanquished.

Grand Total: 12 creatures vanquished

Notes
Turn   | Place    | Note
-------+----------+-------------------------------------------
     0 | D        | cbfl8 the Minotaur Fighter began the quest for the Orb.
     0 | D        | Reached XP level 1. HP: 19/19 MP: 0/0
     3 | D        | Noticed Ijyb
     5 | D        | Paralysed by Ijyb for 3 turns
    11 | D        | Paralysed by Ijyb for 7 turns
    18 | D        | Killed Ijyb
    19 | D        | Reached skill level 5 in Fighting
    19 | D        | Reached skill level 1 in Evocations
    19 | D        | Reached XP level 2. HP: 27/29 MP: 1/1
    22 | D        | Noticed an ogre
    26 | D        | Killed an ogre
    27 | D        | Reached XP level 3. HP: 12/38 MP: 2/2
    27 | D        | Reached XP level 4. HP: 15/45 MP: 3/3
   447 | D        | Noticed Sigmund
   459 | D        | Killed Sigmund
   460 | D        | Reached skill level 5 in Axes
   460 | D        | Reached XP level 5. HP: 30/53 MP: 4/4
   808 | D        | Found an ornate altar of the Wu Jian Council.
   808 | D        | Found a shimmering blue altar of Sif Muna.
   810 | D        | Found a radiant altar of Vehumet.
   810 | D        | Identified the +1 ring mail of Devotion {rN+ Int+4}
   816 | D        | Reached XP level 6. HP: 48/62 MP: 5/5
   922 | D        | Noticed Sonja
   928 | D        | Killed Sonja
   929 | D        | Reached skill level 10 in Fighting
   929 | D        | Reached XP level 7. HP: 73/73 MP: 6/6
  1130 | D        | Found Oji Sie's Jewellery Emporium.
  1130 | D        | Found an ancient bone altar of Kikubaaqudgha.
  1130 | D        | Found a hazy altar of Hepliaklqana.
  1130 | D        | Found a stormy altar of Qazlal.
  1130 | D        | Found a hide-covered altar of Uskayaw.
  1130 | D        | Found a blossoming altar of Fedhas.
  1130 | D        | Found a bloodstained altar of Trog.
  1130 | D        | Found an iron altar of Okawaru.
  1130 | D        | Found a basalt altar of Yredelemnul.
  1130 | D        | Found a glowing golden altar of the Shining One.
  1130 | D        | Found a snail-covered altar of Cheibriados.
  1130 | D        | Found a sacrificial altar of Ru.
  1130 | D        | Found a glowing silver altar of Zin.
  1130 | D        | Found a shadowy altar of Dithmenos.
  1130 | D        | Found a white marble altar of Elyvilon.
  1130 | D        | Noticed a yak
  1135 | D        | Killed a yak
  1136 | D        | Reached skill level 10 in Armour
  1136 | D        | Found an opulent altar of Gozag.
  1137 | D        | Found a sparkling altar of Nemelex Xobeh.
  1142 | D        | Became a worshipper of Trog the Wrathful
  1263 | D        | Found Xeepumu's Weapon Boutique.
  1297 | D        | Found a burning altar of Makhleb.
  1297 | D        | Found a viscous altar of Jiyva.
  1297 | D        | Found a shimmering altar of Xom.
  1297 | D        | Found a corrupted altar of Lugonu.
  1297 | D        | Noticed a slime creature
  1307 | D        | Killed a slime creature
  1308 | D        | Reached skill level 10 in Axes
  1308 | D        | Reached XP level 8. HP: 60/82 MP: 7/7
  1517 | D        | Noticed a kobold demonologist
  1517 | D        | Noticed a kobold demonologist
  1518 | D        | Paralysed by a floating eye for 2 turns
  1521 | D        | Noticed a soul eater
  1542 | D        | Noticed a sun demon
  1545 | D        | Noticed a red devil
  1546 | D        | Noticed an orange demon
  1552 | D        | Killed a kobold demonologist
  1552 | D        | Reached * piety under Trog
  1553 | D        | Noticed an ice devil
  1554 | D        | Noticed an orange demon
  1563 | D        | HP: 3/82 [poisoned by an orange demon]
  1564 | D        | Killed a kobold demonologist
  1564 | D        | Succumbed to an orange demon's poison

Illustrated notes

Levels and vault maps discovered:
D:        dungeon_sprint_1 [red_sonja_temple_1, red_sonja_temple_small_1]

Skill      XL: |  1  2  3  4  5  6  7  8 |
---------------+-------------------------+-----
Fighting       | 5 6 8 10 11 | 11.5
Axes           | 3 4 5 6 9 10 11 | 11.4
Armour         | 4 6 8 9 10 | 10.7
Shields        | 4 6 7 9 |  9.6
Evocations     | 1 3 4 6 7 |  7.9

Action                   |  1- 3 |  4- 6 |  7- 9 || total
-------------------------+-------+-------+-------++-------
Melee: War axe           |     9 |    20 |    34 ||    63
       Headbutt          |     1 |     3 |    10 ||    14
Evoke: Wand              |       |     1 |       ||     1
  Use: Potion            |     1 |       |     1 ||     2
 Stab: Paralysed         |       |     5 |       ||     5
Armor: Scale mail        |     6 |     5 |    10 ||    21
Dodge: Dodged            |     2 |     1 |    11 ||    14
Block: Buckler           |       |     3 |     9 ||    12
